 Dungeon Crawl Stone Soup version 0.28-a0-1117-g0bdd5ba030 (webtiles) character file.

Game seed: 17067433077588393059

66 Zonian the Grave Robber (level 3, -1/24 HPs)
             Began as a Demonspawn Necromancer on Dec 11, 2021.
             Was a Follower of Sif Muna.
             Killed from afar by an orc wizard (6 damage)
             ... with a puff of flame
             ... on level 3 of the Dungeon.
             The game lasted 00:05:09 (3918 turns).

Zonian the Grave Robber (Demonspawn Necromancer)    Turns: 3918, Time: 00:05:10

Health: -1/24      AC:  3    Str:  8    XL:     3   Next: 96%
Magic:  2/6        EV: 12    Int: 18    God:    Sif Muna [*.....]
Gold:   51         SH:  0    Dex: 13    Spells: 6/7 levels left

rFire   . . .      SeeInvis .   e - +0 short sword
rCold   . . .      Faith    .   (no shield)
rNeg    . . .      Spirit   .   a - +0 robe
rPois   .          Reflect  .   (no helmet)
rElec   .          Harm     .   (no cloak)
rCorr   .          Rampage  .   (no gloves)
Will    .....                   (no boots)
Stlth   ++........              (no amulet)
HPRegen 0.08/turn               (no ring)
MPRegen 0.10/turn               (no ring)

@: no status effects
A: claws 1, sharp scales 1
a: Renounce Religion, Channel Magic


You were on level 3 of the Dungeon.
You worshipped Sif Muna.
Sif Muna was aware of your devotion.
You visited 1 branch of the dungeon, and saw 3 of its levels.

You collected 51 gold pieces.

Inventory:

Hand Weapons
 b - a +0 war axe
 e - a +0 short sword (weapon)
 g - a +0 whip
Armour
 a - a +0 robe (worn)
Jewellery
 f - a ring of positive energy
Scrolls
 d - 2 scrolls of identify
Potions
 c - a potion of flight


   Skills:
 + Level 2.3 Dodging
 + Level 2.4 Stealth
 + Level 2.5 Spellcasting
 + Level 4.7 Necromancy
 + Level 1.5 Invocations


You had 6 spell levels left.
You knew the following spells:

 Your Spells              Type           Power      Damage    Failure   Level
a - Pain                  Necr           76%        1d7       2%          1

Your spell library contained the following spells:

 Spells                   Type           Power      Damage    Failure   Level
 Animate Skeleton         Necr           38%        N/A       2%          1
 Vampiric Draining        Necr           19%        2d7       7%          3
 Animate Dead             Necr           9%         N/A       24%         4
 Agony                    Necr           19%        N/A       54%         5


Dungeon Overview and Level Annotations

Branches:
Dungeon (3/15)

Altars:
Sif Muna

Annotations:
D:3 Ijyb


Innate Abilities, Weirdness & Mutations

You have sharp fingernails.
You are partially covered in razor-sharp scales. (AC +1, Slay +1)


Message History

Ijyb screams, "No!
No, no, no, no!"
A magic dart appears from out of thin air!
The magic dart hits something.
Something hits you but does no damage.
You hit the orc.
The orc is severely wounded.
The orc hits you with a +0 club.
* * * LOW HITPOINT WARNING * * *
Something hits you but does no damage.
You are too injured to fight recklessly!
You are too injured to fight recklessly!
Unknown command.
Casting: Pain (safe; 2% risk of failure)
Confirm with . or Enter, or press ? or * to list all spells.
Aiming: Pain (safe; 2% risk of failure)
Press: ? - help, Shift-Dir - straight line, f - orc
Aim: an orc, wielding a +0 club (severely wounded, chance to affect: 89%)
The orc writhes in agony.
You kill the orc!
Sif Muna accepts your kill.
The kobold throws a stone.
You hear some strange, mumbled words.
Something tries to affect you, but you resist.
You hear some strange, mumbled words.
A puff of flame appears from out of thin air!
The puff of flame hits something!
You see here a +0 club.
Okay, then.
Casting: Pain (safe; 2% risk of failure)
Confirm with . or Enter, or press ? or * to list all spells.
You don't know that spell.
Casting: Pain (safe; 2% risk of failure)
Confirm with . or Enter, or press ? or * to list all spells.
Aiming: Pain (safe; 2% risk of failure)
Press: ? - help, Shift-Dir - straight line, f - orc
Aim: an orc, wielding a +0 dagger and wearing a +0 ring mail (chance to affect: 89%)
Something writhes in agony.
You hear some strange, mumbled words.
A puff of flame appears from out of thin air!
The puff of flame hits you.
You die...

..........# #.#.##.........
#####.#.......#..#.........
#.#...######.#.........
#....## ####...........
#....# #......###+####
#....####†###..# #.#
#....)o##.####.###.####
.....g#{##.##..........#
....# #@##.##..........#
... #.##.##..........# .
#.##.##...........
#....##...........
#######...........
###...#.##.. #...#.##..
#.#.#.##.. #.#.......


You could see an orc.

Vanquished Creatures
  2 adders
  A dart slug (D:1)
  5 orcs (D:3)
  A ball python (D:2)
  2 endoplasms
  3 giant cockroaches
  2 goblins
  2 hobgoblins (D:2)
  7 jackals
  6 kobolds
  A quokka (D:1)
  A frilled lizard (D:2)
  2 rats
35 creatures vanquished.

Vanquished Creatures (others)
  A plant (D:2)
1 creature vanquished.

Grand Total: 36 creatures vanquished

Notes
Turn   | Place    | Note
-------+----------+-------------------------------------------
     0 | D:1      | Zonian the Demonspawn Necromancer began the quest for the
                  | Orb.
     0 | D:1      | Reached XP level 1. HP: 13/13 MP: 3/3
   305 | D:1      | Found a faded altar of an unknown god.
   312 | D:1      | Prayed at the altar of an unknown god.
   312 | D:1      | Became a worshipper of Sif Muna the Loreminder
   312 | D:1      | Reached * piety under Sif Muna
   852 | D:1      | Gained mutation: You are partially covered in razor-sharp
                  | scales. (AC +1, Slay +1) [demonic ancestry]
   852 | D:1      | Reached XP level 2. HP: 17/19 MP: 1/5
  2253 | D:2      | Reached skill level 1 in Invocations
  2253 | D:2      | Gained mutation: You have sharp fingernails. [demonic
                  | ancestry]
  2253 | D:2      | Reached XP level 3. HP: 11/24 MP: 0/6
  3904 | D:3      | Noticed Ijyb
  3918 | D:3      | Killed from afar by an orc wizard

Illustrated notes

Levels and vault maps discovered:
D:1:      matt_arrival_refuge, layout_basic, dilly_ecumenical_altar_fadedgnrine
D:2:      layout_loops_ring, corexii_shack
D:3:      layout_basic, glass_columns_b, uniq_ijyb

Skill      XL: |  1  2 |
---------------+-------+-----
Stealth        | 2 |  2.4
Dodging        | 2 |  2.3
Invocations    | 1 |  1.5
Spellcasting   | |  2.5
Necromancy     | |  4.7

Action                   || total
-------------------------++-------
Melee: Short sword       ||    50
 Cast: Pain              ||    61
  Use: Scroll            ||     2
 Stab: Sleeping          ||     4
Armor: Robe              ||    13
Dodge: Dodged            ||    38

Table legend: (Time is in decaauts)
 A = Elapsed time spent in this place.
 B = Non-inter-level travel time spent in this place.
 C = Inter-level travel time spent in this place.
 D = Time resting spent in this place.
 E = Time spent auto-exploring this place.
 F = Levels seen in this place.
 G = Mean time per level.
                   A        B        C        D        E       F      G
               +--------+--------+--------+--------+--------+-----+--------+
         Total |   3923 |   3829 |     94 |   1249 |   2128 |   3 | 1307.7 |
       Dungeon |   3923 |   3829 |     94 |   1249 |   2128 |   3 | 1307.7 |
               +--------+--------+--------+--------+--------+-----+--------+

Top non-repeatable levels by time:
     D:2: 1862 daAuts
     D:1: 1431 daAuts
     D:3: 629 daAuts
